 Dungeon Crawl Stone Soup version 0.31.0-12-g77e489cdc1 (console) character file.

Game seed: 888246327879337455

172146 Banquo the Blocker (level 18, -6/132 HPs)
             Began as a Djinni Air Elementalist on Feb 10, 2024.
             Was the Champion of Makhleb.
             Killed from afar by a thorn hunter (32 damage)
             ... with a volley of thorns
             ... on level 4 of the Swamp on Feb 12, 2024.
             The game lasted 03:05:47 (30219 turns).

Banquo the Blocker (Djinni Air Elementalist)       Turns: 30219, Time: 03:05:48

Health: -6/132     AC:  9    Str: 13    XL:     18   Next: 36%
Gold:   2861       EV: 19    Int: 22    God:    Makhleb [******] SH: 16 Dex: 22

rFire   + + .        F - staff of air
rCold   . . .        j - +2 kite shield {reflect}
rNeg    . . .        d - +0 troll leather armour
rPois   ∞            h - +0 helmet
rElec   +            e - +0 cloak of Teiqunei {Slay+3}
rCorr   .            g - +1 pair of gloves {Str+3}
SInv    .            (boots unavailable)
Will    +....        M - amulet of regeneration
Stlth   ++           C - ring "Tarch" {rPois rC+ Str+3 Dex+5}
HPRegen 2.02/turn    G - ring of wizardry
MPRegen 0.00/turn

%: reflection, wizardry (x1), infuse magic (-7 HP)
@: flying, studying Long Blades
A: sickness immunity, fire resistance 2, cold vulnerability 1, float, innate
caster, HP casting, extra vitality 1
}: 1/15 runes: decaying
a: Renounce Religion, Minor Destruction, Lesser Servant of Makhleb, Major
Destruction, Greater Servant of Makhleb


You were on level 4 of the Swamp.
You worshipped Makhleb.
Makhleb was exalted by your worship.
You visited 6 branches of the dungeon, and saw 28 of its levels.
You also visited: Trove, Ice Cave and Volcano.

You collected 4080 gold pieces.
You spent 1219 gold pieces at shops.

Inventory:

Hand Weapons
 a - a +2 scimitar of protection
 A - a +2 rapier of freezing
 J - a +2 scimitar of flaming
Missiles
 o - 178 stones
Armour
 d - a +0 troll leather armour (worn)
 e - the +0 cloak of Teiqunei (worn) {Slay+3}
   (You found it in a treasure trove)

   Slay+3:    It affects your accuracy & damage with ranged weapons and melee
   (+3).
 g - a +1 pair of gloves of strength (worn)
 h - a +0 helmet (worn)
 i - a +2 kite shield of cold resistance
 j - a +2 kite shield of reflection (worn)
Magical Staves
 b - the staff of War {Str+5 Earth}
   (You found it on level 5 of the Lair of Beasts)

   [staff of earth]

   Base accuracy: +5 Base damage: 5 Base attack delay: 1.2 This weapon's minimum
   attack delay (0.6) is reached at skill level 12.
   Str+5:     It affects your strength (+5).
   Earth:     It increases the power of your Earth spells.
   It falls into the 'Staves' category.
   It is a one-handed weapon.
 F - a staff of air (weapon)
 R - a staff of conjuration
Jewellery
 w - the ring of the Prince {rC+ AC+4}
   (You found it on level 5 of the Lair of Beasts)

   [ring of protection]

   AC+4:      It affects your AC (+4).
   rC+:       It protects you from cold.
 C - the ring "Tarch" (left hand) {rPois rC+ Str+3 Dex+5}
   (You found it on level 4 of the Dungeon)

   [ring of poison resistance]

   Str+3:     It affects your strength (+3).
   Dex+5:     It affects your dexterity (+5).
   rC+:       It protects you from cold.
   rPois:     It protects you from poison
 G - a ring of wizardry (right hand)
 I - a +4 ring of protection
 M - an amulet of regeneration (around neck)
Wands
 k - a wand of iceblast (32)
 l - a wand of flame (4)
 t - a wand of acid (8)
 x - a wand of mindburst (35)
 D - a wand of digging (2)
 P - a wand of paralysis (24)
Scrolls
 m - 5 scrolls of revelation
 p - 2 scrolls of butterflies
 q - 8 scrolls of fog
 r - a scroll of brand weapon
 v - 4 scrolls of poison
 y - 5 scrolls of identify
 z - a scroll of blinking
 E - 10 scrolls of teleportation
Potions
 c - 3 potions of enlightenment
 f - 6 potions of curing
 n - 2 potions of ambrosia
 s - a potion of invisibility
 u - 7 potions of brilliance
 B - a potion of attraction
 H - 3 potions of haste
 K - 2 potions of lignification
 L - 2 potions of cancellation
 N - 2 potions of heal wounds
 O - 5 potions of might
 V - 4 potions of berserk rage


   Skills:
 * Level 13.3 Fighting
 * Level 7.2 Long Blades
 + Level 10.8 Armour
 + Level 11.4 Dodging
 - Level 1.5 Stealth
 * Level 13.8 Shields
 * Level 13.6 Spellcasting
 * Level 13.6 Conjurations
 * Level 13.6 Hexes
 * Level 13.6 Summonings
 * Level 13.6 Necromancy
 * Level 13.6 Translocations
 * Level 13.6 Fire Magic
 * Level 13.6 Ice Magic
 * Level 13.6 Air Magic
 * Level 13.6 Earth Magic
 * Level 13.6 Alchemy
 - Level 12.0 Invocations


You knew the following spells:

 Your Spells              Type           Power      Damage    Failure   Level
a - Shock                 Conj/Air       100%       1d9       1%          1
b - Bombard               Conj/Erth      33%        9d6       2%          6
c - Silence               Hex/Air        42%        N/A       1%          5
d - Static Discharge      Conj/Air       100%       3-8/arc   1%          2
e - Apportation           Tloc           100%       N/A       1%          1
f - Stone Arrow           Conj/Erth      100%       3d13      1%          3
h - Haunt                 Necr/Summ      33%        N/A       13%         7
i - Call Imp              Summ           100%       N/A       1%          2
t - Tukima's Dance        Hex            66%        N/A       1%          3
z - Airstrike             Air            42%        2d(7-23)  1%          4
A - Animate Armour        Summ/Erth      100%       N/A       1%          4
M - Swiftness             Air            85%        N/A       1%          3
Your spell library was empty.

Dungeon Overview and Level Annotations

Branches:
Dungeon (15/15)            Temple (1/1) D:7            Lair (5/5) D:9
  Swamp (4/4) Lair:3        Snake (1/4) Lair:2        Slime (0/5) Lair:4
    Orc (2/2) D:11            Elf (0/3) Orc:2        Vaults (0/5) D:13
 Depths (0/4) D:15          IceCv (visited)         Volcano (visited)

Altars:
Ashenzari
Cheibriados
Dithmenos
Elyvilon
Fedhas
Gozag
Hepliaklqana
Makhleb
Nemelex Xobeh
Okawaru
Qazlal
Ru
Trog
Uskayaw
Wu Jian
Xom
Yredelemnul
Zin
The Shining One

Shops:
D:1 (   D:3 =!*   D:9 :!(   Orc:1 =?*??   Orc:2 ?[=(?

Annotations:
Snake:1 Asterion


Innate Abilities, Weirdness & Mutations

You are immune to sickness and miasma.
You are immune to poison.
Your flesh is very heat resistant. (rF++)
You are vulnerable to cold. (rC-)
You float through the air rather than walking.
You learn spells naturally, not from books.
Your magical power is your life essence.
You have superior vitality. (+4 MHP)


Message History

Aiming: Airstrike (safe; 1% risk of failure)
Press: ? - help, Dir - move target, f/p - thorn hunter
Aim: a thorn hunter (severely damaged, empty space bonus: 2/8)
You feel a surge of power!
The air twists around and strikes the thorn hunter.
The thorn hunter is almost destroyed.
The briar patch crumbles away.
The thorn hunter gestures.
The thorn hunter fires a volley of thorns at you.
The volley of thorns hits you!
* * * LOW HITPOINT WARNING * * *
Unknown command.
Casting: Airstrike (safe; 1% risk of failure)
Confirm with . or Enter, or press ? or * to list all spells.
Aiming: Airstrike (safe; 1% risk of failure)
Press: ? - help, Dir - move target, f/p - thorn hunter
Aim: a thorn hunter (severely damaged, empty space bonus: 3/8)
You feel a surge of power!
The air twists around and strikes the thorn hunter.
The thorn hunter is almost destroyed.
* * * LOW HITPOINT WARNING * * *
The briar patch crumbles away. x2
The thorn hunter fires a volley of thorns at you.
Your +2 kite shield of reflection blocks the volley of thorns... and reflects it back!
The volley of thorns hits the briar patch!
Unknown command.
Casting: Airstrike (safe; 1% risk of failure)
Confirm with . or Enter, or press ? or * to list all spells.
Aiming: Airstrike (safe; 1% risk of failure)
Press: ? - help, Dir - move target, f/p - thorn hunter
Aim: a thorn hunter (almost destroyed, empty space bonus: 5/8)
You feel a surge of power!
The air twists around and strikes the thorn hunter!
The thorn hunter is almost destroyed.
* * * LOW HITPOINT WARNING * * *
The briar patch crumbles away. x2
The thorn hunter gestures. x2
The thorn hunter fires a volley of thorns at you.
The volley of thorns hits you!!
You die...

## ##♣~.~##### ~.~.♣~ ~###
#...~# ♣~~.. ~~~######.#♣#♣♣
♣.~♣ ##♣♣♣ ..~~#
#..♣#.♣♣♣♣f.♣ #~~~♣ ..~~♣♣#
#~...♣~PP.~.♣ ##♣~.♣♣
~...♣~#♣♣~♣~~~.♣PPP♣♣##~♣§~♣♣
...~.~~♣♣##..~~)..####...~~.♣
..~~~~~~♣#♣#~.~~.♣##♣~~~~.~♣♣
§§~~.~~~~# #♣~..@♣ ♣§~~~~~~♣
~~~.♣♣♣♣♣♣ ##..~#♣♣..~..♣♣♣
.~~~♣ #♣...#~#.†..♣♣♣ .~..♣
♣♣♣♣~..)~..~~.♣♣ ~..♣♣♣♣
♣~♣PPPPP~PP~~~♣
[§~..~♣♣♣PPPPPPP.PPPP~♣♣
[~~~~~.♣♣♣...~♣♣~~~~~~.♣
÷~~~~~.♣...~~.♣♣~~~§~~~♣
.).~)~.)......♣.~~†~..♣♣


You could see a thorn hunter.

Vanquished Creatures
  4 thorn hunters
  4 fenstrider witches
  Donald (Orc:1)
  2 ghouls (Swamp:4)
  A reaper (IceCv)
  A hydra skeleton (Swamp:4)
  2 eleionomae
  Nessos (D:12)
  A red draconian (Volcano)
  9 bunyips
  Josephine (D:12)
  7 vault guards
  An anaconda (Lair:2)
  14 hydras
  2 ghost crabs (Swamp:2)
  A boulder beetle (D:15)
  2 catoblepae (Lair:5)
  4 centaur warriors
  2 two-headed ogres
  7 death yaks
  5 alligators
  5 orc high priests (Orc:2)
  4 tengu warriors
  Urug (D:12)
  Sonja (D:11)
  A skyshark (Lair:3)
  5 goliath frogs
  A salamander mystic (Volcano)
  9 spriggan druids
  A lindwurm (Lair:3)
  8 swamp dragons
  An obsidian statue (Volcano)
  A glowing orange brain (D:15)
  5 bog bodies
  3 spectral hydras (Swamp:4)
  A deep elf pyromancer (D:15)
  4 orc knights
  An oklob plant (Lair:3)
  3 steelbarb worms (Swamp:1)
  9 ugly things
  5 orc sorcerers (Orc:2)
  3 will-o-the-wisps (Swamp:3)
  Maurice (D:12)
  6 cyclopes
  4 manticores
  3 salamanders (Volcano)
  5 kobold blastminers
  A torpor snail (Lair:5)
  10 elephants
  3 black mambas
  10 cane toads
  A gargoyle (D:10)
  A cane toad (shapeshifter) (D:15)
  An ice statue (IceCv)
  An efreet (D:15)
  A kobold demonologist (D:14)
  5 unseen horror zombies (D:9)
  Psyche (D:11)
  12 rime drakes
  A komodo dragon (shapeshifter) (D:14)
  2 anaconda simulacra (IceCv)
  2 freezing wraiths
  A tengu conjurer (D:15)
  10 komodo dragons
  An ice devil (IceCv)
  2 trolls
  4 polar bears
  2 bloated husks
  A hydra zombie (Swamp:4)
  27 blink frogs
  12 tyrant leeches
  6 hornets
  The ghost of booth the Shooter, an amateur KoHu (D:4)
  The ghost of laqueoix the Insei, an amateur OpSh (D:4)
  A dream sheep (Lair:5)
  A centaur simulacrum (D:14)
  10 slime creatures
  Sigmund (D:4)
  2 shadows
  8 spriggans
  3 dire elephant simulacra (IceCv)
  9 wyverns
  3 fire bats (Volcano)
  5 wraiths (D:12)
  A vampire (D:12)
  2 death yak simulacra (IceCv)
  12 basilisks
  49 yaks
  15 vampire mosquitoes
  A warg (Orc:2)
  A steam dragon (D:9)
  26 swamp worms
  5 acid dragons
  2 harpy simulacra (IceCv)
  A naga (Lair:2)
  3 hydra simulacra (Swamp:4)
  16 water moccasins
  22 orc warriors
  2 ice beasts (D:7)
  5 black bears
  3 swamp dragon zombies (Swamp:4)
  3 swamp drakes
  8 wolves
  6 ogres
  A swamp dragon skeleton (Swamp:4)
  15 centaurs
  2 kobold brigands
  10 bullfrogs
  4 scorpions
  A gnoll sergeant (D:10)
  2 cane toad simulacra (IceCv)
  10 two-headed ogre simulacra
  11 wights
  2 elephant simulacra (IceCv)
  8 killer bees (D:8)
  2 howler monkeys
  An electric eel (Lair:4)
  A centaur zombie (D:9)
  5 lava snakes (Volcano)
  6 hounds
  25 orc priests
  3 jellies
  2 gnoll boudas
  A sleepcap (D:7)
  2 iguanas (D:7)
  20 orc wizards
  A polar bear simulacrum (IceCv)
  6 troll simulacra (IceCv)
  3 hell rats (Lair:4)
  6 spriggan simulacra
  A killer bee zombie (D:9)
  A howler monkey zombie (D:9)
  15 gnolls
  6 adders
  3 swamp drake zombies (Swamp:4)
  5 naga simulacra
  A swamp drake skeleton (Swamp:4)
  A shadow imp (D:5)
  8 white imps
  4 ufetubi (IceCv)
  A dart slug (D:4)
  A ribbon worm (D:4)
  77 orcs
  6 bats
  10 endoplasms
  A giant cockroach (D:3)
  3 goblins (D:1)
  3 hobgoblins
  A jackal (D:1)
  16 kobolds
  4 quokkas
  11 ball pythons
  4 frilled lizards
  6 rats
  A spectral hobgoblin (D:1)
849 creatures vanquished.

Vanquished Creatures (collateral kills)
  Rupert (Lair:3)
  The ghost of kftrendy the Grappler, a journeyman TrFi of Wu Jian (Lair:5)
  A vault guard (D:11)
  A boulder beetle (Lair:5)
  A catoblepas (Lair:5)
  A death yak (Lair:5)
  2 slime creatures
  A troll (D:11)
  A tyrant leech (Swamp:1)
  A shadow (D:11)
  A wyvern (Lair:4)
  4 yaks (Lair:5)
  3 basilisks (Lair:4)
  A hell rat (Lair:4)
  2 ufetubi (IceCv)
  5 orcs
27 creatures vanquished.

Vanquished Creatures (others)
  An arcanist (D:10)
  2 bloated husks (Swamp:4)
  An orc (D:12)
  8 foxfires (Swamp:3)
12 creatures vanquished.

Grand Total: 888 creatures vanquished

Notes
Turn   | Place    | Note
-------+----------+-------------------------------------------
     0 | D:1      | Banquo the Djinni Air Elementalist began the quest for the
                  | Orb.
     0 | D:1      | Banquo set off with the following spells memorised: Shock,
                  | Static Discharge, Swiftness, Airstrike.
     0 | D:1      | Reached XP level 1. HP: 15/15 MP: 0/0
     0 | D:1      | Noticed a small abomination
     0 | D:1      | Noticed a large abomination
     1 | D:1      | Noticed a large abomination
     3 | D:1      | Noticed a large abomination
     4 | D:1      | Noticed a large abomination
     7 | D:1      | Noticed a large abomination
     8 | D:1      | Noticed a large abomination
     9 | D:1      | Noticed a small abomination
    11 | D:1      | Noticed a large abomination
    13 | D:1      | Noticed a large abomination
    13 | D:1      | Noticed a large abomination
    15 | D:1      | Noticed a large abomination
    15 | D:1      | Noticed a small abomination
    17 | D:1      | Noticed a large abomination
    19 | D:1      | Noticed a large abomination
    19 | D:1      | Noticed a small abomination
    21 | D:1      | Noticed a small abomination
   134 | D:1      | Reached skill level 1 in Fighting
   134 | D:1      | Reached XP level 2. HP: 20/22 MP: 0/0
   180 | D:1      | Found a faded altar of an unknown god.
   274 | D:1      | Found Leiv's Weapon Shoppe.
   429 | D:1      | Reached XP level 3. HP: 18/27 MP: 0/0
   429 | D:1      | Learned a level 1 spell: Apportation
  1606 | D:3      | Found Ojaosigh's Assorted Antiques.
  1688 | D:3      | Reached XP level 4. HP: 31/33 MP: 0/0
  1741 | D:3      | Found Luipp's Jewellery Shop.
  1787 | D:3      | Found Sipiprav's Distillery.
  2094 | D:4      | Reached XP level 5. HP: 33/39 MP: 0/0
  2094 | D:4      | Learned a level 2 spell: Call Imp
  2216 | D:4      | Found a runed translucent gate.
  2217 | D:4      | Found a runed translucent gate.
  2217 | D:4      | Found a runed translucent gate.
  2218 | D:4      | Noticed laqueoix's ghost (amateur OpSh)
  2218 | D:4      | Noticed booth's ghost (amateur KoHu)
  2294 | D:4      | Identified the ring "Tarch" {rPois rC+ Str+3 Dex+5}
  2335 | D:4      | Noticed Sigmund
  2362 | D:4      | Noticed a black bear
  2845 | D:4      | Killed a black bear
  2846 | D:4      | Reached XP level 6. HP: 38/47 MP: 0/0
  2956 | D:5      | Entered Level 5 of the Dungeon
  3241 | D:5      | Reached skill level 5 in Spellcasting
  3241 | D:5      | Reached skill level 5 in Conjurations
  3241 | D:5      | Reached skill level 5 in Hexes
  3241 | D:5      | Reached skill level 5 in Summonings
  3241 | D:5      | Reached skill level 5 in Necromancy
  3241 | D:5      | Reached skill level 5 in Translocations
  3241 | D:5      | Reached skill level 5 in Fire Magic
  3241 | D:5      | Reached skill level 5 in Ice Magic
  3241 | D:5      | Reached skill level 5 in Air Magic
  3241 | D:5      | Reached skill level 5 in Earth Magic
  3241 | D:5      | Reached skill level 5 in Alchemy
  3241 | D:5      | Reached XP level 7. HP: 49/52 MP: 0/0
  3241 | D:5      | Learned a level 3 spell: Stone Arrow
  3596 | D:5      | Reached skill level 5 in Fighting
  4100 | D:6      | Reached XP level 8. HP: 54/59 MP: 0/0
  4216 | D:6      | Reached skill level 1 in Armour
  4216 | D:6      | Reached skill level 1 in Shields
  4614 | D:6      | Found a snail-covered altar of Cheibriados.
  4628 | D:6      | You are sucked into a shaft and drop 2 floors!
  4725 | D:8      | Reached XP level 9. HP: 22/66 MP: 0/0
  4725 | D:8      | Learned a level 3 spell: Tukima's Dance
  5183 | D:6      | Found a white marble altar of Elyvilon.
  5186 | D:6      | Found a sacrificial altar of Ru.
  5479 | D:3      | Bought an amulet of regeneration for 330 gold pieces
  5609 | D:7      | Found a hazy altar of Hepliaklqana.
  5707 | D:7      | Found a sparkling altar of Nemelex Xobeh.
  5989 | D:7      | Found a staircase to the Ecumenical Temple.
  6089 | Temple   | Entered the Ecumenical Temple
  6108 | Temple   | Became a worshipper of Makhleb the Destroyer
  6217 | D:7      | Found an ornate altar of the Wu Jian Council.
  6411 | D:8      | Identified the +10 great mace of Eternity {freeze, Str+2}
  6427 | D:8      | Reached skill level 1 in Invocations
  6515 | D:8      | Found a blossoming altar of Fedhas.
  6592 | D:8      | Reached skill level 5 in Dodging
  6641 | D:8      | Found a hide-covered altar of Uskayaw.
  6668 | D:8      | Reached XP level 10. HP: 52/73 MP: 0/0
  6670 | D:8      | Reached * piety under Makhleb
  7386 | D:9      | Found Tasoumah's Distillery.
  7476 | D:9      | Reached skill level 5 in Armour
  7476 | D:9      | Reached skill level 5 in Shields
  7547 | D:9      | Noticed an elephant
  7564 | D:9      | Killed an elephant
  7672 | D:9      | Reached XP level 11. HP: 62/80 MP: 0/0
  7672 | D:9      | Learned a level 4 spell: Animate Armour
  7760 | D:9      | Found Udiw's Book Boutique.
  7833 | D:9      | Found a staircase to the Lair.
  7963 | D:9      | Found a shadowy altar of Dithmenos.
  8251 | D:9      | Found Sefeymuh's Antique Weapon Shop.
  8413 | D:9      | Found a burning altar of Makhleb.
  8550 | D:3      | Bought a bubbling inky potion for 28 gold pieces
  8550 | D:3      | Bought a bubbling inky potion for 28 gold pieces
  8550 | D:3      | Bought a bubbling brown potion for 28 gold pieces
  8702 | Lair:1   | Entered Level 1 of the Lair of Beasts
  8759 | Lair:1   | Reached skill level 5 in Invocations
  8842 | Lair:1   | Reached ** piety under Makhleb
  9095 | Lair:1   | Reached XP level 12. HP: 85/88 MP: 0/0
  9779 | Lair:2   | Found a staircase to the Snake Pit.
  9811 | Lair:2   | Reached *** piety under Makhleb
  9879 | Lair:2   | Found a dark tunnel.
  9890 | Volcano  | Entered a volcano
 10104 | Volcano  | Noticed a salamander mystic
 10115 | Volcano  | Killed a salamander mystic
 10147 | Volcano  | Noticed a red draconian
 10186 | Volcano  | Killed a red draconian
 10243 | Volcano  | Noticed a soul eater
 10292 | Volcano  | Noticed a soul eater
 11078 | Lair:3   | Reached XP level 13. HP: 92/96 MP: 0/0
 11078 | Lair:3   | Learned a level 5 spell: Silence
 11089 | Lair:3   | Reached skill level 10 in Fighting
 11182 | Lair:3   | HP: 3/96 [komodo dragon (19)]
 11311 | Lair:3   | Reached **** piety under Makhleb
 11371 | Lair:3   | Found a staircase to the Swamp.
 11483 | Lair:3   | Noticed Rupert
 11483 | Lair:3   | Found a gate leading to a gauntlet.
 11496 | Lair:3   | Paralysed by Rupert for 5 turns
 11504 | Lair:3   | Killed Rupert
 11857 | Lair:4   | Noticed an eight-headed hydra
 11861 | Lair:4   | Killed an eight-headed hydra
 12103 | Lair:3   | Reached XP level 14. HP: 58/105 MP: 0/0
 12169 | Lair:4   | Found a runed translucent door.
 12339 | Lair:4   | Found a glowing golden altar of the Shining One.
 12664 | Lair:4   | Found a staircase to the Slime Pits.
 12720 | Lair:4   | Reached skill level 10 in Spellcasting
 12720 | Lair:4   | Reached skill level 10 in Conjurations
 12720 | Lair:4   | Reached skill level 10 in Hexes
 12720 | Lair:4   | Reached skill level 10 in Summonings
 12720 | Lair:4   | Reached skill level 10 in Necromancy
 12720 | Lair:4   | Reached skill level 10 in Translocations
 12720 | Lair:4   | Reached skill level 10 in Fire Magic
 12720 | Lair:4   | Reached skill level 10 in Ice Magic
 12720 | Lair:4   | Reached skill level 10 in Air Magic
 12720 | Lair:4   | Reached skill level 10 in Earth Magic
 12720 | Lair:4   | Reached skill level 10 in Alchemy
 12791 | Lair:4   | Reached ***** piety under Makhleb
 13100 | Lair:5   | Entered Level 5 of the Lair of Beasts
 13626 | Lair:5   | Reached skill level 10 in Invocations
 13732 | Lair:5   | Found a large runed translucent door.
 13733 | Lair:5   | Found a large runed translucent door.
 13736 | Lair:5   | Noticed kftrendy's ghost (journeyman TrFi)
 14314 | Lair:5   | Reached XP level 15. HP: 112/112 MP: 0/0
 14314 | Lair:5   | Learned a level 6 spell: Bombard
 14453 | Lair:5   | Identified the staff of War {Str+5 Earth}
 14602 | Lair:5   | Killed kftrendy's ghost
 14611 | Lair:5   | Identified the ring of the Prince {rC+ AC+4}
 14897 | D:4      | Killed Sigmund
 15457 | D:4      | Killed laqueoix's ghost
 15459 | D:4      | Killed booth's ghost
 15640 | D:10     | Entered Level 10 of the Dungeon
 15917 | D:10     | Found a portal to a secret trove of treasure.
 16183 | D:10     | Found a bloodstained altar of Trog.
 16473 | D:11     | Found a frozen archway.
 16487 | IceCv    | Entered an ice cave
 16548 | IceCv    | Identified the +2 robe of Sugec {Str+2}
 16763 | IceCv    | Reached ****** piety under Makhleb
 17003 | IceCv    | Noticed a reaper
 17018 | IceCv    | Killed a reaper
 17522 | D:11     | Found a staircase to the Orcish Mines.
 17528 | D:11     | Reached skill level 10 in Dodging
 18003 | D:11     | Noticed Sonja
 18006 | D:11     | Killed Sonja
 18388 | D:12     | Noticed Urug
 18397 | D:12     | Killed Urug
 18467 | D:12     | Reached skill level 10 in Armour
 18612 | D:12     | Noticed Nessos
 18615 | D:12     | Killed Nessos
 18647 | D:11     | Reached skill level 10 in Shields
 19234 | D:12     | Noticed Psyche
 19246 | D:12     | Noticed Josephine
 19275 | D:11     | Killed Psyche
 19358 | D:12     | Noticed Maurice
 19366 | D:12     | Killed Maurice
 19937 | Orc:1    | Entered Level 1 of the Orcish Mines
 19937 | Orc:1    | Found Xatsosow's Assorted Antiques.
 19937 | Orc:1    | Found Xyish's Magic Scroll Boutique.
 20093 | Orc:1    | Found Ahah Tea's Magic Scroll Emporium.
 20166 | Orc:2    | Entered Level 2 of the Orcish Mines
 20373 | Orc:2    | Noticed Donald
 20400 | Orc:1    | Killed Donald
 20590 | Orc:2    | Found a staircase to the Elven Halls.
 20746 | Orc:2    | Found Yhoxt's Magic Scroll Shop.
 20980 | Orc:2    | Upgraded the game from 0.31.0-11-ge490571c62 to
                  | 0.31.0-12-g77e489cdc1
 21023 | Orc:1    | Found Inilell's Magic Scroll Boutique.
 21100 | Orc:1    | Found Puriewusu's Jewellery Boutique.
 21395 | Orc:2    | Reached XP level 16. HP: 120/120 MP: 0/0
 21715 | Orc:2    | Found Weprunak's Antique Weapon Emporium.
 21715 | Orc:2    | Found Vysoan's Jewellery Emporium.
 21716 | Orc:2    | Found Jenav's Antique Armour Shop.
 21716 | Orc:2    | Found Baem Zae's Magic Scroll Shop.
 21736 | Orc:2    | Bought a scroll of fear for 60 gold pieces
 22014 | Orc:2    | Bought a scroll of identify for 22 gold pieces
 22014 | Orc:2    | Bought a scroll of teleportation for 33 gold pieces
 22057 | Orc:2    | Bought a scroll of blinking for 112 gold pieces
 22262 | D:3      | Bought a scroll of fear for 128 gold pieces
 22475 | D:10     | You paid a toll of 7 scrolls of fear to enter a treasure
                  | trove
 22476 | Trove    | Entered a treasure trove
 22503 | Trove    | Identified the ring "Mueh" {Ice Str+2}
 22506 | Trove    | Identified the amulet "Ikicw" {Spirit Harm ^Fragile rN+++
                  | Dex-4}
 22511 | Trove    | Identified the +0 cloak of Teiqunei {Slay+3}
 22729 | D:12     | Killed Josephine
 23302 | D:13     | Reached skill level 1 in Long Blades
 23454 | D:13     | Found a gate to the Vaults.
 24988 | D:13     | Found a gate to the Vaults.
 25965 | D:15     | Entered Level 15 of the Dungeon
 25984 | D:15     | Reached skill level 5 in Long Blades
 26325 | D:15     | Found a staircase to the Depths.
 26495 | Snake:1  | Entered Level 1 of the Snake Pit
 26496 | Snake:1  | Noticed Asterion
 26594 | Swamp:1  | Entered Level 1 of the Swamp
 26634 | Swamp:1  | Reached XP level 17. HP: 126/126 MP: 0/0
 26634 | Swamp:1  | Learned a level 7 spell: Haunt
 27696 | Orc:1    | Bought a ring of wizardry for 450 gold pieces
 28685 | Swamp:3  | Noticed a thorn hunter
 28689 | Swamp:3  | Killed a thorn hunter
 29235 | Swamp:4  | Entered Level 4 of the Swamp
 29492 | Swamp:4  | Reached XP level 18. HP: 128/132 MP: 0/0
 30133 | Swamp:4  | Found a basalt altar of Yredelemnul.
 30149 | Swamp:4  | Got a decaying rune of Zot
 30219 | Swamp:4  | Killed from afar by a thorn hunter

Illustrated notes

Levels and vault maps discovered:
D:1:      shiori_arrival_whats_in_store_for_you, layout_rooms, serial_shops,
          nicolae_shop_bloodbath_and_beyond,
          dreamdust_ecumenical_altar_drowned_temple, minmay_nonomino_d4
D:2:      layout_basic, kennysheep_cross_room
D:3:      minmay_chambers_of_twos, layout_rooms, serial_shops, shop,
          nicolae_shop_gaudy_bauble, shop
D:4:      layout_loops_ring, gammafunk_ghost_cemetery, uniq_sigmund
D:5:      layout_basic, old_standard_altar, minmay_tree_intersection
D:6:      layout_rooms, mainiacjoe_overflow_paths, jmf_multi_god_temple2
D:7:      layout_loops_ring, nemelex_diamond_rough_becter, lemuel_tele_altar,
          nzn_hepliaklqana_mist_gate, minmay_temple_entry_enclosed_plants
D:8:      layout_basic, amcnicky_altar_gilded, fedhas_bush_and_centaur_altar,
          serial_curves, eino_curves_02, eino_curves_03
D:9:      layout_basic, grunt_lair_entry_orc_guard_hut, serial_shops,
          kennysheep_little_box, shop, nicolae_shop_pleasant_corner_grove,
          serial_undead, serial_undead_a, serial_undead_d, serial_undead_f,
          serial_undead_b, hangedman_abyss_or_decor_lesser_grid,
          hangedman_feature_mirror
D:10:     layout_loops_ring, trog_wizard, nicolae_trove_entry_diagonal
D:11:     layout_roguey, david_orc_3, portal_ice_cave_entry_ice_simulacra,
          serial_glass, glass_columns_b, glass_columns_b, glass_columns_c,
          glass_columns_c, glass_columns_b, glass_columns_a, uniq_sonja
D:12:     layout_loops_ring, special_room [special_room_orc], eino_curves_03,
          uniq_josephine, uniq_urug, uniq_maurice, uniq_psyche, uniq_nessos
D:13:     layout_stronghold, erik_vaults_2
D:14:     layout_loops_ring, abandoned_shop
D:15:     hangedman_slaughterboxes
Temple:   nicolae_temple_slightly_damp_pantheon
Lair:1:   layout_loops_ring, serial_bayou_shore_b
Lair:2:   layout_chaotic_city, dummy_snake_entry, nicolae_volcano_entry_hallway
Lair:3:   layout_roguey, skrybe_swamp_entry_bodies, gauntlet_entry_generic,
          dpeg_oklob_1, uniq_rupert
Lair:4:   layout_long_grid, slime_entry_2, basic_altar, special_room
          [special_room_mythical_zoo], grunt_megastairs_2, lemuel_fruit_fields,
          infiniplex_staircase_pool
Lair:5:   evilmike_catoblepas_cave, layout_hall_layers,
          ebering_ghost_disaster_area, grunt_forest_large_clearing_hut
Swamp:1:  layout_basic_swamp, evilmike_swamp_ruin_house_6,
          nicolae_swamp_vermiculated
Swamp:2:  layout_basic_swamp, hangedman_swamp_lotus, swamp_pool_1_2
Swamp:3:  layout_basic_swamp, nicolae_swamp_godswood, swamp_pool_1_2
Swamp:4:  byrel_swamp_growth_death_and_undeath, layout_basic_swamp,
          infiniplex_staircase_pool_2
Snake:1:  layout_misc_corridors, ebering_ghost_rock_garden, basic_altar,
          uniq_asterion
Orc:1:    layout_caves, basic_altar, serial_shops, nicolae_shop_trees,
          nicolae_shop_real_fake_doors,
          nicolae_shop_temple_entry_statues_fountains, shop,
          nicolae_shop_gaudy_bauble
Orc:2:    st_orc_elflike, layout_diamond_mine, serial_shops,
          nicolae_shop_tiny_real_fake_doors, uniq_donald

Skill      XL: |  1  2  3  4  5  6  7  8  9 10 11 12 13 14 15 16 17 18 |
---------------+-------------------------------------------------------+-----
Fighting       | 1 2 3 4 5 6 7 8 9 11 12 13 | 13.3
Spellcasting   | 4 5 6 7 8 9 10 11 13 | 13.6
Conjurations   | 4 5 6 7 8 9 10 11 13 | 13.6
Hexes          | 4 5 6 7 8 9 10 11 13 | 13.6
Summonings     | 4 5 6 7 8 9 10 11 13 | 13.6
Necromancy     | 4 5 6 7 8 9 10 11 13 | 13.6
Translocations | 4 5 6 7 8 9 10 11 13 | 13.6
Fire Magic     | 4 5 6 7 8 9 10 11 13 | 13.6
Ice Magic      | 4 5 6 7 8 9 10 11 13 | 13.6
Air Magic      | 4 5 6 7 8 9 10 11 13 | 13.6
Earth Magic    | 4 5 6 7 8 9 10 11 13 | 13.6
Alchemy        | 4 5 6 7 8 9 10 11 13 | 13.6
Armour         | 2 4 5 6 8 9 10 | 10.8
Shields        | 2 4 5 6 8 9 10 11 13 | 13.8
Dodging        | 3 5 6 7 8 9 10 11 | 11.4
Invocations    | 2 4 5 7 9 10 11 12 | 12.0
Long Blades    | 6 7 |  7.2
Stealth        | |  1.5

Action                     |  1- 3 |  4- 6 |  7- 9 | 10-12 | 13-15 | 16-18 || total
---------------------------+-------+-------+-------+-------+-------+-------++-------
  Melee: Unarmed           |     1 |       |       |       |       |       ||     1
         Mace              |       |       |       |     1 |       |       ||     1
         Staff             |       |       |       |       |       |     5 ||     5
   Cast: Shock             |    89 |    86 |    67 |       |     7 |       ||   249
         Call Imp          |       |     3 |       |     1 |       |       ||     4
         Stone Arrow       |       |       |    72 |   254 |   519 |   401 ||  1246
         Airstrike         |       |       |    37 |    77 |   331 |   299 ||   744
         Static Discharge  |       |       |     2 |     4 |    23 |     1 ||    30
         Animate Armour    |       |       |       |     2 |    75 |    42 ||   119
         Swiftness         |       |       |       |       |     3 |       ||     3
         Tukima's Dance    |       |       |       |       |     2 |     5 ||     7
         Bombard           |       |       |       |       |       |   122 ||   122
         Haunt             |       |       |       |       |       |     1 ||     1
 Invoke: Lesser Servant of |       |       |       |     2 |     5 |     4 ||    11
         Greater Servant o |       |       |       |       |       |     1 ||     1
    Use: Scroll            |       |       |       |    22 |     9 |     2 ||    33
         Potion            |       |       |       |       |     2 |       ||     2
 Armour: Robe              |     9 |    12 |     8 |    17 |       |       ||    46
         Acid dragon scale |       |       |       |    88 |   138 |       ||   226
         Troll leather arm |       |       |       |       |    88 |   164 ||   252
  Dodge: Dodged            |     9 |    11 |    12 |    67 |   145 |   134 ||   378
  Block: Buckler           |       |       |     9 |    50 |    54 |       ||   113
         Kite shield       |       |       |       |       |   128 |   207 ||   335
         Reflection        |       |       |       |       |    19 |    30 ||    49
